 Dungeon Crawl Stone Soup version 0.27.1-33-g824d729ab1 (webtiles) character file.

Game seed: 11276180499818973953

4 BaruZool the Grasshopper (level 1, 0/17 HPs)
             Began as a Palentonga Warper on Nov 26, 2021.
             Slain by a ball python (2 damage)
             ... on level 1 of the Dungeon.
             The game lasted 00:03:07 (245 turns).

BaruZool the Grasshopper (Palentonga Warper)         Turns: 245, Time: 00:03:07

Health: 0/17       AC:  4    Str: 14    XL:     1   Next: 58%
Magic:  3/3        EV:  9    Int: 13    God:
Gold:   3          SH:  0    Dex:  9    Spells: 4/4 levels left

rFire    . . .     SeeInvis +   a - +0 mace
rCold    . . .     Faith    .   (no shield)
rNeg     . . .     Spirit   .   b - +0 leather armour
rPois    .         Reflect  .   (no helmet)
rElec    .         Harm     .   (no cloak)
rCorr    .         Rampage  .   (no gloves)
Will     .....                  (no barding)
Stlth    +.........             (no amulet)
HPRegen  0.05/turn              (no ring)
MPRegen  0.08/turn              (no ring)

@: no status effects
A: large, rugged brown scales 3, see invisible, deformed body, roll 1, armoured
tail
a: Rolling Charge


You were on level 1 of the Dungeon.
You visited 1 branch of the dungeon, and saw 1 of its levels.

You collected 3 gold pieces.

Inventory:

Hand Weapons
 a - a +0 mace (weapon)
Missiles
 d - 5 boomerangs of dispersal (quivered)
Armour
 b - a +0 leather armour (worn)
 e - a +0 pair of gloves
Scrolls
 c - a scroll of blinking


   Skills:
 * Level 2.1 Fighting
 * Level 2.1 Maces & Flails
 - Level 0.6 Throwing
 - Level 0.7 Armour
 - Level 1.5 Dodging
 + Level 2.0 Spellcasting
 + Level 3.1 Translocations


You had 4 spell levels left.
You didn't know any spells.
Your spell library contained the following spells:

 Spells                   Type           Power      Damage    Failure   Level
 Blink                    Tloc           N/A        N/A       14%         2
 Gell's Gravitas          Tloc           4%         N/A       26%         3
 Lesser Beckoning         Tloc           4%         N/A       26%         3
 Teleport Other           Tloc           9%         N/A       26%         3
 Manifold Assault         Tloc           9%         N/A       94%         5


Dungeon Overview and Level Annotations

Branches:
Dungeon (1/15)

Altars:


Innate Abilities, Weirdness & Mutations

You are completely covered in rugged brown scales. (AC +3, +7% HP)
You have supernaturally acute eyesight. (SInv)
Armour fits poorly on your strangely shaped body.
You can roll at nearby foes to attack.
You have a long armoured tail.


Message History

Your tail-slap misses the frilled lizard.
The frilled lizard bites you but does no damage.
The giant cockroach bites you. The frilled lizard barely misses you.
You hit the frilled lizard but do no damage.
The giant cockroach bites you. The frilled lizard barely misses you.
The giant cockroach waves its antennae.
The giant cockroach bites you.
You barely miss the frilled lizard. The frilled lizard bites you.
The giant cockroach bites you but does no damage.
You are too injured to fight recklessly!
You are too injured to fight recklessly!
You are too injured to fight recklessly!
You are too injured to fight recklessly!
The frilled lizard bites you.
* * * LOW HITPOINT WARNING * * *
The giant cockroach bites you but does no damage.
A hobgoblin comes into view.
Found a stone staircase leading down.
The hobgoblin shouts!
You hear a shout!
A ball python comes into view.
The giant cockroach bites you but does no damage.
The ball python hisses angrily.
The frilled lizard closely misses you.
The giant cockroach bites you but does no damage.
The giant cockroach misses you.
Things that are here:
a +0 dagger; a goblin corpse The giant cockroach bites you.
* * * LOW HITPOINT WARNING * * *
The ball python bites you but does no damage.
The giant cockroach bites you but does no damage.
You hit the giant cockroach.
You kill the giant cockroach!
The ball python bites you.
* * * LOW HITPOINT WARNING * * *
You closely miss the ball python. The ball python closely misses you.
You barely miss the ball python.
The ball python bites you but does no damage.
The ball python bites you.
You die...

..............##..##.....#
........#.....##..##..#.##
..............†...##..#.#
.......##.............. #
...............).#.#..##
#.#.######...g.....#..###
# #. #..#..gl........ #
#..#..#S######## #..#..#@#
#.....#.# #..#..#.#
......#.# #... ... #.# #.#
###


You could see a hobgoblin, a ball python and a frilled lizard.

Vanquished Creatures
  A giant cockroach (D:1)
  A goblin (D:1)
  A quokka (D:1)
  A ball python (D:1)
4 creatures vanquished.

Notes
Turn   | Place    | Note
-------+----------+-------------------------------------------
     0 | D:1      | BaruZool the Palentonga Warper began the quest for the Orb.
     0 | D:1      | Reached XP level 1. HP: 17/17 MP: 3/3
   245 | D:1      | Slain by a ball python

Illustrated notes

Levels and vault maps discovered:
D:1:      nzn_arrival_crosshair, layout_basic

Action                   || total
-------------------------++-------
Melee: Mace              ||    28
       Tailslap          ||     1
Armor: Leather armour    ||    23
Dodge: Dodged            ||    19
